 Dungeon Sprint DCSS version 0.28.0-43-g3370ac3207 (webtiles) character file.

Game seed: 8662938803146538617

1358 boopmooplesden the Spear-Bearer (level 8, -8/77 HPs)
             Began as a Minotaur Berserker on Mar 8, 2022.
             Was a High Priest of Trog.
             Mangled by a boulder beetle (12 damage)
             ... in the Dungeon (Sprint II: "The Violet Keep of Menkaure").
             The game lasted 00:01:28 (627 turns).

boopmooplesden the Spear-Bearer (Minotaur Berserker) Turns: 627, Time: 00:01:29

Health: -8/77      AC:  1    Str: 23    XL:     8   Next: 37%
Magic:  7/7        EV: 14    Int:  4    God:    Trog [*****.]
Gold:   729        SH:  0    Dex: 11    Spells: 7/7 levels left

rFire   . . .      SeeInvis .   a - +0 spear
rCold   . . .      Faith    .   (no shield)
rNeg    . . .      Spirit   .   b - +0 animal skin
rPois   .          Reflect  .   (helmet restricted)
rElec   .          Harm     .   (no cloak)
rCorr   .          Rampage  .   (no gloves)
Will    .....      NoTele   +   (no boots)
Stlth   ++........              (no amulet)
HPRegen 0.22/turn               (no ring)
MPRegen 0.10/turn               (no ring)

@: hasted (expiring), very quick
A: horns 2, retaliatory headbutt, deformed body, frail 1, devolution 1
a: Renounce Religion, Berserk, Trog's Hand, Brothers in Arms


You were in the Dungeon.
You worshipped Trog.
Trog was extremely pleased with you.
You visited 1 branch You collected 729 gold pieces.

Inventory:

Hand Weapons
 a - a +0 spear (weapon)
Armour
 b - a +0 animal skin (worn)
Scrolls
 h - a scroll of blinking
Potions
 c - a potion of curing
 f - 2 potions of magic
 g - a potion of berserk rage


   Skills:
 + Level 13.4 Fighting
 + Level 14.6 Polearms
 + Level 7.2 Armour
 + Level 8.0 Dodging
 + Level 1.5 Stealth


You had 7 spell levels left.
You didn't know any spells.
Your spell library was empty.

Dungeon Overview and Level Annotations

Branches:
Dungeon (1/1)

Altars:

Shops:
D [:[[(=[!!=[*?:!

Annotations:
D exclusion: oklob plant


Innate Abilities, Weirdness & Mutations

You have a pair of horns on your head.
You reflexively headbutt those who attack you in melee.
Armour fits poorly on your strangely shaped body.
You are frail. (-10% HP)
You have hidden genetic defects.


Message History

You hit Menkaure.
Menkaure is severely damaged.
The neqoxec hits you!
* * * LOW HITPOINT WARNING * * *
You closely miss Menkaure.
You headbutt Menkaure, but do no damage.
Menkaure is severely damaged.
Menkaure closely misses you. You furiously retaliate!
You headbutt Menkaure. You hit Menkaure.
You destroy Menkaure!
Trog accepts your kill.
Trog appreciates your killing of a magic user.
You feel your intelligence returning.
Unknown command.
You hit the neqoxec.
You headbutt the neqoxec, but do no damage.
The neqoxec is heavily wounded.
The neqoxec barely misses you.
You puncture the neqoxec! You headbutt the neqoxec!
The neqoxec is almost dead.
You hit the neqoxec.
You kill the neqoxec!
Trog accepts your kill.
Trog will now gift you melee weapons as you gain piety.
You feel your intelligence returning.
Your Dodging skill increases to level 8!
A very large slime creature splits.
There is a fountain of clear blue water here.
A large slime creature splits.
There is an entrance to Duduagi's Book Boutique here.
Two slime creatures merge to form a large slime creature.
There is an entrance to Joduol's Antique Armour Shop here.
You recover from your berserk rage.
The boulder beetle curls into a ball and begins rolling! x2
There is an entrance to Yfetz's Distillery here.
There is an entrance to Litzaiwi's Antique Weapon Shop here.
There is an entrance to Yxeuj's Antique Armour Boutique here.
Your extra speed is starting to run out.
A large slime creature splits.
The boulder beetle hits you!
You die...

## ≈##
############≈≈#++
###########≈≈≈...
##∩.∩.....#≈≈≈≈.##+
##.∩○°....#≈≈≈≈##.#
##@B∩B°...#≈≈≈≈#..#
##....○°..#≈≈####÷B
##....∩○°.#≈##.###÷
##...∩.∩°°#≈##..##.
##..∩.∩...°≈'##3B.<
##.∩.∩....#≈#.#.##.
#▓▓▓▓▓▓▓###≈##.###+
##JJD######≈≈####.#
#$JJ# ##≈≈≈#..#


You could see a fire dragon, 2 boulder beetles and 2 slime creatures.

Vanquished Creatures
  4 neqoxecs (D)
  A vampire mosquito (D)
  Menkaure (D)
  4 necrophages (D)
  4 scorpions (D)
14 creatures vanquished.

Vanquished Creatures (others)
  A water moccasin (D)
1 creature vanquished.

Grand Total: 15 creatures vanquished

Notes
Turn   | Place    | Note
-------+----------+-------------------------------------------
     0 | D        | boopmooplesden the Minotaur Berserker began the quest for
                  | the Orb.
     0 | D        | Reached XP level 1. HP: 19/19 MP: 0/0
     1 | D        | Noticed a necrophage
     1 | D        | Noticed a necrophage
     1 | D        | Noticed a necrophage
     1 | D        | Noticed a necrophage
     6 | D        | Killed a necrophage
     7 | D        | Reached skill level 7 in Polearms
     7 | D        | Reached XP level 2. HP: 32/34 MP: 1/1
     7 | D        | Reached XP level 3. HP: 37/39 MP: 2/2
     7 | D        | Reached XP level 4. HP: 45/47 MP: 3/3
    14 | D        | Killed a necrophage
    15 | D        | Reached skill level 9 in Polearms
    15 | D        | Reached XP level 5. HP: 44/56 MP: 4/4
    21 | D        | Killed a necrophage
    21 | D        | Reached ** piety under Trog
    22 | D        | Reached skill level 10 in Polearms
    22 | D        | Reached skill level 5 in Armour
    22 | D        | Reached skill level 5 in Dodging
    31 | D        | Killed a necrophage
    32 | D        | Reached skill level 10 in Fighting
    32 | D        | Reached skill level 11 in Polearms
    32 | D        | Reached XP level 6. HP: 11/67 MP: 5/5
   126 | D        | Killed a water moccasin
   308 | D        | Reached *** piety under Trog
   309 | D        | Reached skill level 12 in Polearms
   309 | D        | Reached XP level 7. HP: 74/74 MP: 6/6
   361 | D        | Noticed a boulder beetle
   361 | D        | Noticed a boulder beetle
   373 | D        | Found Utobin's Distillery.
   374 | D        | Found Matitisu's Magic Scroll Shop.
   374 | D        | Found Hirai's Assorted Antiques.
   374 | D        | Found Duduagi's Book Boutique.
   375 | D        | Found Apnuakot's Distillery.
   376 | D        | Noticed a vampire mosquito
   391 | D        | Killed a vampire mosquito
   547 | D        | Found Oloh's Jewellery Shop.
   547 | D        | Found Neocub's Antique Armour Boutique.
   547 | D        | Found Joduol's Antique Armour Shop.
   547 | D        | Found Axuu's Jewellery Boutique.
   548 | D        | Found Yfetz's Distillery.
   548 | D        | Noticed a fire dragon
   551 | D        | Noticed a neqoxec
   551 | D        | Noticed a neqoxec
   555 | D        | Gained mutation: Armour fits poorly on your strangely
                  | shaped body. [a neqoxec]
   559 | D        | Killed a neqoxec
   560 | D        | Reached skill level 13 in Polearms
   560 | D        | Reached skill level 1 in Stealth
   567 | D        | Killed a neqoxec
   567 | D        | Reached **** piety under Trog
   568 | D        | Noticed a neqoxec
   568 | D        | Noticed a neqoxec
   571 | D        | Gained mutation: You have hidden genetic defects. [a
                  | neqoxec]
   573 | D        | Killed a neqoxec
   574 | D        | Reached skill level 14 in Polearms
   574 | D        | Reached XP level 8. HP: 84/86 MP: 7/7
   584 | D        | Found Litzaiwi's Antique Weapon Shop.
   585 | D        | Noticed a slime creature
   586 | D        | Found Uloulaj's Antique Armour Boutique.
   586 | D        | Found Lisoityq's Antique Armour Shop.
   586 | D        | Noticed Menkaure
   586 | D        | Noticed an oklob plant
   586 | D        | Noticed a slime creature
   587 | D        | Found Yxeuj's Antique Armour Boutique.
   587 | D        | Found Taheent's Book Shoppe.
   587 | D        | Noticed a slime creature
   587 | D        | Gained mutation: You are frail. (-10% HP) [hidden defects]
   612 | D        | HP: 2/77 [neqoxec (12)]
   614 | D        | Killed Menkaure
   617 | D        | Reached ***** piety under Trog
   627 | D        | Mangled by a boulder beetle

Illustrated notes

Levels and vault maps discovered:
D:        the_violet_keep_of_menkaure [sprint2_stairs_cluster_1,
          sprint2_shoproom, sprint2_temple, sprint2_basic_supplies,
          sprint2_obstacle_5, sprint2_obstacle_4, sprint2_obstacle_2,
          sprint2_obstacle_1, sprint2_obstacle_6, sprint2_timed_cluster_1,
          sprint2_smallroom_cluster_1, sprint2_smallroom_final_cluster_1,
          sprint2_transparent_cluster_1, sprint2_second_timed_cluster_1,
          sprint2_sniper_area_1, sprint2_heavy_combat_area_1,
          sprint2_mutation_trap_area_1, sprint2_forest_area_1,
          sprint2_light_combat_area_1, sprint2_behind_water_1,
          sprint2_near_end_vault_1]

Skill      XL: |  1  2  3  4  5  6  7  8 |
---------------+-------------------------+-----
Fighting       | 7 8 10 11 13 | 13.4
Polearms       | 7 9 11 12 14 | 14.6
Armour         | 3 4 5 6 7 |  7.2
Dodging        | 3 4 5 6 7 8 |  8.0
Stealth        | 1 |  1.5

Action                   |  1- 3 |  4- 6 |  7- 9 || total
-------------------------+-------+-------+-------++-------
Melee: Spear             |     4 |    30 |    64 ||    98
       Headbutt          |     4 |     5 |    15 ||    24
       Punch             |       |       |     1 ||     1
Invok: Berserk           |       |     1 |     2 ||     3
  Use: Potion            |       |       |     2 ||     2
Armor: Animal skin       |       |     1 |     2 ||     3
Dodge: Dodged            |     1 |    11 |    19 ||    31
